 Dungeon Crawl Stone Soup version 0.31-a0-1144-g99969ba (webtiles) character file.

Game seed: 4331543730369530436

32719 gwaga3 the Markshill orc (level 13, -22/113 HPs)
             Began as a Hill Orc Fighter on Dec 6, 2023.
             Was a High Priest of Hepliaklqana.
             Annihilated by a +2 battleaxe of chaos (28 damage)
             ... on level 2 of the Lair of Beasts.
             The game lasted 00:43:39 (13917 turns).

gwaga3 the Markshill orc (Hill Orc Fighter)        Turns: 13917, Time: 00:43:40

Health: -22/113    AC: 11    Str: 20    XL:     13   Next: 66%
Magic:  16/16      EV: 10    Int:  8    God:    Hepliaklqana [*****.]
Gold:   863        SH:  0    Dex: 32    Spells: 12/12 levels left

rFire   . . .        p - +8 longbow "Zephyr" {speed, Dex+3 SInv}
rCold   + + .        (shield currently unavailable)
rNeg    . . .        g - +0 swamp dragon scales
rPois   +            K - +0 helmet
rElec   .            E - scarf {harm}
rCorr   .            f - +0 pair of fencer's gloves {Riposte Dex+3}
SInv    +            t - +0 pair of boots "Rauhuhaa" {rC++}
Will    .....        O - amulet of regeneration
Stlth   ++           b - +6 ring of dexterity
HPRegen 1.18/turn    G - +6 ring of dexterity
MPRegen 0.15/turn

%: harm (+30% outgoing, +20% incoming)
@: studying Spellcasting
A: reduced essence
a: Renounce Religion, Recall Ancestor, Ancestor Identity, Transference, Idealise


You were on level 2 of the Lair of Beasts.
You worshipped Hepliaklqana.
Hepliaklqana was extremely pleased with you.
You visited 2 branches of the dungeon, and saw 12 of its levels.

You collected 863 gold pieces.

Inventory:

Hand Weapons
 p - the +8 longbow "Zephyr" (weapon) {speed, Dex+3 SInv}
   (You found it on level 2 of the Dungeon)

   Dex+3:     It affects your dexterity (+3).
   SInv:      It lets you see invisible.
Missiles
 A - 3 throwing nets
 H - 39 poisoned darts
Armour
 c - a +0 buckler
 f - the +0 pair of fencer's gloves (worn) {Riposte Dex+3}
   (You found it on level 9 of the Dungeon)

   Riposte:   It allows the wearer to riposte with melee weapons, swiftly
   retaliating against missed or blocked melee attacks.
   Dex+3:     It affects your dexterity (+3).
 g - +0 swamp dragon scales (worn)
 t - the +0 pair of boots "Rauhuhaa" (worn) {rC++}
   (You found it on level 6 of the Dungeon)

   rC++:      It greatly protects you from cold.
 v - a +2 pair of gloves
 E - a scarf of harm (worn)
 K - a +0 helmet (worn)
Jewellery
 b - a +6 ring of dexterity (left hand)
 G - a +6 ring of dexterity (right hand)
 J - a ring of fire
 L - a ring of flight
 O - an amulet of regeneration (around neck)
Wands
 r - a wand of charming (15)
 y - a wand of mindburst (7)
 B - a wand of polymorph (3)
 I - a wand of flame (22)
 M - a wand of roots (17)
 N - a wand of digging (2)
Scrolls
 a - 3 scrolls of fear
 e - 3 scrolls of torment
 h - 3 scrolls of enchant weapon
 k - a scroll of summoning
 l - 5 scrolls of immolation
 n - 7 scrolls of teleportation
 q - 4 scrolls of revelation
 C - a scroll of poison
 F - 4 scrolls of vulnerability
Potions
 d - 3 potions of might
 i - 4 potions of haste
 j - 3 potions of mutation {unknown}
 m - 4 potions of curing {unknown}
 o - 2 potions of brilliance {unknown}
 s - a potion of enlightenment {unknown}
 u - a potion of berserk rage {unknown}
 w - a potion of magic {unknown}
 x - a potion of cancellation {unknown}
 z - 2 potions of ambrosia {unknown}
 D - a potion of attraction {unknown}


   Skills:
 - Level 15.0 Fighting
 - Level 3.2 Long Blades
 * Level 17.0 Ranged Weapons
 - Level 3.4 Armour
 - Level 3.4 Shields
 + Level 5.1 Invocations


You had 12 spell levels left.
You didn't know any spells.
Your spell library contained the following spells:

 Spells                   Type           Power      Damage    Failure   Level
 Freeze                   Ice            0%         1d3       56%         1
 Shock                    Conj/Air       0%         1d3       56%         1
 Ensorcelled Hibernation  Hex/Ice        0%         N/A       71%         2
 Jinxbite                 Hex            0%         N/A       71%         2
 Wereblood                Tmut           0%         N/A       71%         2
 Frozen Ramparts          Ice            0%         1d1       91%         3
 Hailstorm                Conj/Ice       0%         3d5       91%         3
 Ignite Poison            Fire/Tmut/Pois 0%         N/A       91%         3
 Swiftness                Air            0%         N/A       91%         3
 Volatile Blastmotes      Fire/Tloc      0%         2d10      91%         3
 Airstrike                Air            0%         2d(0-16)  100%        4
 Anguish                  Hex/Necr       0%         N/A       100%        4
 Fulminant Prism          Conj/Hex       0%         3d5       100%        4
 Iskenderun's Mystic Bla  Conj/Tloc      0%         2d3       100%        4
 Sticky Flame             Conj/Fire      0%         2d3       100%        4
 Irradiate                Conj/Tmut      0%         3d11      100%        5
 Summon Forest            Summ/Tloc      0%         N/A       100%        5
 Eringya's Noxious Bog    Tmut/Pois      0%         4d6       100%        6
 Summon Hydra             Summ           0%         N/A       100%        7
 Ignition                 Fire           0%         3d3       100%        8


Dungeon Overview and Level Annotations

Branches:
Dungeon (10/15)            Temple (0/1) D:6            Lair (2/5) D:8
 Spider (0/4) Lair:2
  Swamp: Lair:2-3    Shoals: Lair:2-3       Orc: D:9-12

Altars:
Cheibriados
Dithmenos
Hepliaklqana
Kikubaaqudgha
Vehumet
Xom
The Shining One

Annotations:
D:8 1 runed translucent door, PurpleRed's ghost, novice TrDe
Lair:2 waagh's ghost, journeyman TrCK


Message History

No reachable target in view!
You swap places.
There is a stone staircase leading up here.
A rime drake comes into view.
You shoot an arrow. The arrow hits the rime drake!!
You kill the rime drake!
No target in view!
No target in view!
You swap places.
Waagh's ghost turns its malevolent gaze towards you.
You open the door.
Hamal barely misses waagh's ghost.
You shoot an arrow. The arrow hits waagh's ghost!!
Waagh's ghost is moderately damaged.
The +2 battleaxe of chaos hits Hamal!
Hamal easily resists.
Waagh's ghost hits you but does no damage.
Hamal closely misses the +2 battleaxe of chaos.
You shoot an arrow. The arrow hits waagh's ghost!!
Waagh's ghost is severely damaged.
Hamal closely misses waagh's ghost.
Waagh's ghost hits you.
You shoot an arrow. The arrow hits waagh's ghost!!
Waagh's ghost is almost destroyed.
Hamal hits waagh's ghost with a +0 dagger of draining.
The +2 battleaxe of chaos hits you.
You are electrocuted!!
Hamal points at the +2 battleaxe of chaos and mumbles some strange words.
Waagh's ghost resists with almost no effort.
You shoot an arrow.
The arrow hits waagh's ghost but does no damage.
Waagh's ghost is almost destroyed.
Waagh's ghost hits you!! The +2 battleaxe of chaos hits you!!
You easily resist.
Okay, then.
As you read the scroll of summoning, it crumbles to dust.
Wisps of shadow whirl around you...
Hamal hits waagh's ghost but does no damage.
Waagh's ghost hits you!!
* * * LOW HITPOINT WARNING * * *
The +2 battleaxe of chaos hits you!!
You die...

.#..#P......†......#...8.#.#.....
.P.##..............#.....#.#.....
....#.....##..##.....#...#.#.....
....##....##..##...##.....###....
....##....##Y.##....#..#+##.#....
.....#....##.Y.#Y................
....#.....##..Y..Y###..#....##...
...........#.....R#Y##..##.##....
.##..P...<.#Y.Y.@WY_.#...##..#...
+.#+#......#...Y.(#Y##...........
..............YY.Y###............
...............YY................
.................Y...............
.................................
........................##.#.#...
........P##.#....P.....##.###....
##......##P.#.#.........#....#...


You could see the friendly Hamal the hexer, a +2 battleaxe of chaos (ally
target), waagh's ghost (ally target) and 17 friendly yaks.

Vanquished Creatures
  Fannar (D:10)
  Harold (D:9)
  4 hydras
  A centaur warrior (D:9)
  5 two-headed ogres
  The ghost of Dega the Martial Artist, a novice OpSh of Qazlal (D:9)
  An ugly thing (D:8)
  2 cyclopes (D:9)
  A manticore (D:7)
  3 black mambas
  3 cane toads
  Maggie (D:10)
  A kobold demonologist (D:10)
  2 rime drakes (Lair:2)
  An unseen horror (D:10)
  8 komodo dragons
  A freezing wraith (D:10)
  Psyche (D:9)
  An efreet (D:10)
  2 red devils (D:10)
  A meliai (D:10)
  3 trolls
  Grinder (D:4)
  4 jumping spiders (Lair:2)
  11 blink frogs (Lair:2)
  A shadow (D:9)
  3 culicivoras (Lair:2)
  A wyvern (Lair:2)
  A wraith (D:10)
  3 vampire mosquitoes (D:10)
  13 yaks
  2 basilisks
  2 redbacks (Lair:2)
  2 steam dragons
  An acid dragon (D:8)
  8 water moccasins
  2 sky beasts
  2 black bears
  4 orc warriors
  An ice beast (D:7)
  A tengu (shapeshifter) (D:10)
  5 ogres
  8 wolves
  8 centaurs
  2 phantoms
  5 kobold brigands
  2 gnoll sergeants (D:10)
  5 bullfrogs
  2 scorpions
  2 wights
  20 killer bees
  An electric eel (D:10)
  2 howler monkeys
  A gnoll bouda (D:6)
  12 hounds
  A jelly (D:7)
  6 orc priests
  2 sleepcaps
  5 iguanas
  15 orc wizards
  4 hell rats (Lair:2)
  20 gnolls
  8 adders
  A shadow imp (D:6)
  A white imp (D:7)
  2 worms
  27 orcs
  3 ball pythons
  2 bats (D:3)
  5 endoplasms
  2 giant cockroaches (D:1)
  6 goblins
  5 hobgoblins
  3 jackals (D:2)
  16 kobolds
  3 quokkas
  2 frilled lizards
  4 rats
326 creatures vanquished.

Vanquished Creatures (collateral kills)
  A boulder beetle (D:8)
  A cane toad (Lair:2)
  A red devil (D:10)
  A hornet (D:10)
  A blink frog (Lair:2)
  A yak (Lair:1)
  A water moccasin (D:7)
  2 ogres
  A phantom (D:7)
  2 killer bees (D:10)
  An orc wizard (D:7)
  2 hell rats (Lair:2)
  2 adders
  2 ufetubi (D:6)
  2 orcs
  An endoplasm (D:2)
  A giant cockroach (D:2)
  A goblin (D:2)
  2 kobolds
  A rat (D:2)
27 creatures vanquished.

Vanquished Creatures (others)
  5 hexers
  An ancestor (D:2)
6 creatures vanquished.

Grand Total: 359 creatures vanquished

Notes
Turn   | Place    | Note
-------+----------+-------------------------------------------
     0 | D:1      | gwaga3 the Hill Orc Fighter began the quest for the Orb.
     0 | D:1      | Reached XP level 1. HP: 19/19 MP: 1/1
   268 | D:1      | Reached XP level 2. HP: 27/27 MP: 2/2
   576 | D:1      | Found a faded altar of an unknown god.
   584 | D:1      | Prayed at the altar of an unknown god.
   584 | D:1      | Became a worshipper of Hepliaklqana the Forgotten
   584 | D:1      | Reached * piety under Hepliaklqana
  1023 | D:2      | Reached XP level 3. HP: 20/29 MP: 3/3
  1663 | D:2      | Reached ** piety under Hepliaklqana
  1664 | D:2      | Remembered your ancestor Hamal as a hexer
  1969 | D:2      | Found the +8 longbow "Zephyr" {speed, Dex+3 SInv}
  2317 | D:3      | Reached skill level 1 in Ranged Weapons
  2317 | D:3      | Reached XP level 4. HP: 36/36 MP: 4/4
  2816 | D:4      | Reached skill level 2 in Ranged Weapons
  3136 | D:4      | Reached XP level 5. HP: 42/42 MP: 5/5
  3139 | D:4      | Reached skill level 3 in Ranged Weapons
  3142 | D:4      | Reached *** piety under Hepliaklqana
  3321 | D:4      | Noticed Grinder
  3328 | D:4      | Killed Grinder
  3329 | D:4      | Reached skill level 5 in Ranged Weapons
  3329 | D:4      | Reached XP level 6. HP: 26/47 MP: 6/6
  3332 | D:4      | Reached XP level 7. HP: 30/54 MP: 7/7
  3778 | D:4      | You fall into a shaft and drop 3 floors!
  3851 | D:7      | Reached skill level 6 in Ranged Weapons
  4397 | D:7      | Noticed a manticore
  4405 | D:7      | Killed a manticore
  4406 | D:7      | Reached skill level 7 in Ranged Weapons
  4406 | D:7      | Reached XP level 8. HP: 29/60 MP: 8/8
  4740 | D:5      | Entered Level 5 of the Dungeon
  4764 | D:5      | Reached skill level 8 in Ranged Weapons
  4830 | D:5      | Reached **** piety under Hepliaklqana
  5338 | D:5      | Reached skill level 9 in Ranged Weapons
  5355 | D:5      | Reached XP level 9. HP: 64/64 MP: 9/9
  5379 | D:5      | Found an ancient bone altar of Kikubaaqudgha.
  5384 | D:5      | Found a snail-covered altar of Cheibriados.
  6331 | D:6      | Reached skill level 10 in Ranged Weapons
  6478 | D:6      | Identified the +0 pair of boots "Rauhuhaa" {rC++}
  6544 | D:6      | Found Dausm's Magic Scroll Boutique.
  6661 | D:6      | Reached skill level 11 in Ranged Weapons
  6913 | D:6      | Found a staircase to the Ecumenical Temple.
  7045 | D:7      | Found a shadowy altar of Dithmenos.
  7053 | D:7      | Reached skill level 12 in Ranged Weapons
  7055 | D:7      | Reached XP level 10. HP: 72/72 MP: 10/10
  7592 | D:7      | Reached skill level 5 in Fighting
  8057 | D:8      | Found a staircase to the Lair.
  8152 | D:8      | Found a runed translucent door.
  8155 | D:8      | Found a shimmering altar of Xom.
  8155 | D:8      | Noticed PurpleRed's ghost (novice TrDe)
  8156 | D:8      | Noticed a +0 long sword of chaos
  8184 | D:8      | Noticed a two-headed ogre
  8187 | D:8      | Killed a two-headed ogre
  8425 | D:8      | Reached skill level 13 in Ranged Weapons
  8484 | D:8      | Noticed a boulder beetle
  8490 | D:8      | Killed a boulder beetle
  8707 | D:8      | Noticed a brown ugly thing
  8713 | D:8      | Killed a brown ugly thing
  8966 | D:8      | Reached ***** piety under Hepliaklqana
  9175 | D:9      | Reached XP level 11. HP: 75/85 MP: 11/11
  9308 | D:9      | Found a radiant altar of Vehumet.
  9319 | D:9      | Noticed Harold
  9336 | D:9      | Killed Harold
  9766 | D:9      | Found a shadowy altar of Dithmenos.
  9850 | D:9      | Found a glowing golden altar of the Shining One.
  9927 | D:9      | Noticed a cyclops
  9930 | D:9      | Killed a cyclops
  9932 | D:9      | Noticed a six-headed hydra
  9936 | D:9      | Killed a six-headed hydra
 10051 | D:9      | Reached skill level 10 in Fighting
 10051 | D:9      | Reached skill level 14 in Ranged Weapons
 10098 | D:9      | Noticed a centaur warrior
 10102 | D:9      | Killed a centaur warrior
 10473 | D:9      | Found a runed translucent door.
 10508 | D:9      | Noticed a cyclops
 10508 | D:9      | Noticed Dega's ghost (novice OpSh)
 10508 | D:9      | Found the +0 pair of fencer's gloves {Riposte Dex+3}
 10519 | D:9      | Noticed a two-headed ogre
 10522 | D:9      | Killed a two-headed ogre
 10541 | D:9      | Killed a cyclops
 10548 | D:9      | Killed Dega's ghost
 10638 | D:9      | Noticed Psyche
 10643 | D:9      | Killed Psyche
 11064 | D:10     | Entered Level 10 of the Dungeon
 11096 | D:10     | Reached XP level 12. HP: 99/99 MP: 12/12
 11138 | D:10     | Noticed a two-headed ogre
 11143 | D:10     | Killed a two-headed ogre
 11174 | D:10     | Noticed a two-headed ogre
 11186 | D:10     | Killed a two-headed ogre
 11188 | D:10     | Paralysed by a hornet for 2 turns
 11198 | D:10     | Reached skill level 15 in Ranged Weapons
 11406 | D:10     | Noticed a two-headed ogre
 11410 | D:10     | Killed a two-headed ogre
 11682 | D:10     | Noticed Maggie
 11688 | D:10     | Killed Maggie
 11691 | D:10     | Noticed an eight-headed hydra
 11697 | D:10     | Killed an eight-headed hydra
 11894 | D:10     | Noticed a five-headed hydra
 11896 | D:10     | Killed a five-headed hydra
 12024 | D:10     | Noticed Fannar
 12033 | D:10     | Killed Fannar
 12403 | Lair:1   | Entered Level 1 of the Lair of Beasts
 12590 | Lair:1   | Reached skill level 16 in Ranged Weapons
 12590 | Lair:1   | Reached XP level 13. HP: 112/112 MP: 13/13
 13175 | Lair:2   | Reached skill level 15 in Fighting
 13252 | Lair:2   | Reached skill level 1 in Invocations
 13376 | Lair:2   | Found a runed translucent door.
 13410 | Lair:2   | Found a hole to the Spider Nest.
 13606 | Lair:2   | Reached skill level 17 in Ranged Weapons
 13648 | Lair:2   | Reached skill level 5 in Invocations
 13755 | Lair:2   | Found a shimmering altar of Xom.
 13755 | Lair:2   | Noticed waagh's ghost (journeyman TrCK)
 13917 | Lair:2   | Annihilated by a +2 battleaxe of chaos

Illustrated notes

Levels and vault maps discovered:
D:1:      dpeg_arrival_central, layout_basic,
          hellmonk_ecumenical_altar_heavens_door, roderic_lattice_a
D:2:      layout_basic
D:3:      layout_loops_cross
D:4:      layout_basic, minmay_checkerbox, uniq_grinder
D:5:      minmay_opposing_rooms, layout_loops_ring,
          mainiacjoe_overflow_large_starburst, nicolae_hexahallways,
          nrook_mini_backslash, minmay_a_box_with_orc_wizards_in_it
D:6:      minmay_bubble_buster, layout_cave_pools, minmay_temple_entry_poolview,
          serial_shops, shop
D:7:      layout_loops_corners, minmay_misc_feat_four_crosses,
          serial_library_hellmonk_filled_rooms, minmay_ruined_shrine
D:8:      minmay_distorted_concentric_squares, layout_rooms, dpeg_oklobed_lair,
          ebering_ghost_xom
D:9:      layout_basic, mainiacjoe_overflow_cross_hatched,
          nicolae_dithmenos_the_darkroom, nicolae_vehumet_altar_sigil,
          ebering_ghost_inner_flame, minmay_diamond_spiral, uniq_harold,
          uniq_psyche
D:10:     nzn_winding_woodlands_cross
          [nzn_winding_woodlands_5x15_river_crossing,
          nzn_winding_woodlands_5x15_pockets,
          nzn_winding_woodlands_5x15_lazy_stream,
          nzn_winding_woodlands_5x15_crooked,
          nzn_winding_woodlands_15x15_thick_spiral], layout_loops_cross,
          einodemon_armed_red_devil_minivault, uniq_fannar, uniq_maggie
Lair:1:   layout_gridlike, nicolae_quartered_pool_super, beast_lair_carwin_11,
          grunt_megastairs_4
Lair:2:   layout_regular_city, nicolae_spider_entry_tight_spaces,
          ebering_ghost_xom, grunt_megastairs_1

Skill      XL: |  1  2  3  4  5  6  7  8  9 10 11 12 13 |
---------------+----------------------------------------+-----
Fighting       | 4 8 11 14 15 | 15.0
Long Blades    | 3 |  3.2
Ranged Weapons | 1 2 5 7 9 12 13 14 16 17 | 17.0
Invocations    | 5 |  5.1
Armour         | |  3.4
Shields        | |  3.4

Action                     |  1- 3 |  4- 6 |  7- 9 | 10-12 | 13-15 || total
---------------------------+-------+-------+-------+-------+-------++-------
  Melee: Long sword        |    78 |       |       |       |       ||    78
         Longbow           |       |       |       |     1 |       ||     1
   Fire: Longbow           |     5 |    46 |   171 |   349 |   151 ||   722
 Invoke: Ancestor Identity |     1 |       |       |       |       ||     1
         Ancestor Life: He |     1 |       |       |       |       ||     1
         Recall Ancestor   |       |       |     2 |       |       ||     2
         Transference      |       |       |       |     1 |       ||     1
    Use: Scroll            |     1 |       |     6 |     6 |     1 ||    14
 Armour: Scale mail        |    47 |       |       |       |       ||    47
         Robe              |       |    12 |     9 |    16 |       ||    37
         Acid dragon scale |       |       |       |    32 |       ||    32
         Swamp dragon scal |       |       |       |     5 |    12 ||    17
  Dodge: Dodged            |    36 |     3 |     7 |    32 |     5 ||    83
  Block: Buckler           |    10 |       |       |       |       ||    10
         Form:             |       |       |     1 |       |       ||     1
         Dragon            |       |       |     1 |       |       ||     1

Table legend: (Time is in decaauts)
 A = Elapsed time spent in this place.
 B = Non-inter-level travel time spent in this place.
 C = Inter-level travel time spent in this place.
 D = Time resting spent in this place.
 E = Time spent auto-exploring this place.
 F = Levels seen in this place.
 G = Mean time per level.
                   A        B        C        D        E       F      G
               +--------+--------+--------+--------+--------+-----+--------+
         Total |  13796 |  13042 |    754 |   3279 |   8301 |  12 | 1149.7 |
       Dungeon |  12336 |  11594 |    742 |   3267 |   7058 |  10 | 1233.6 |
          Lair |   1459 |   1447 |     12 |     12 |   1242 |   2 |  729.5 |
               +--------+--------+--------+--------+--------+-----+--------+

Top non-repeatable levels by time:
     D:7: 2026 daAuts
     D:9: 1905 daAuts
     D:4: 1371 daAuts
    D:10: 1271 daAuts
     D:5: 1208 daAuts
     D:2: 1192 daAuts
     D:8: 1121 daAuts
     D:1: 914 daAuts
  Lair:2: 786 daAuts
     D:3: 681 daAuts
  Lair:1: 673 daAuts
     D:6: 644 daAuts
